 Dungeon Crawl Stone Soup version 0.19-a0-1277-g7cecae3 (webtiles) character file.

2370 Arkorax the Basher (level 9, -3/97 HPs)
             Began as an Ogre Monk on Aug 30, 2016.
             Slain by an iguana (9 damage)
             ... on level 8 of the Dungeon.
             The game lasted 00:08:49 (7164 turns).

Arkorax the Basher (Ogre Monk)                      Turns: 7164, Time: 00:08:50

Health: -3/97      AC:  5    Str: 18    XL:     9   Next: 45%
Magic:  9/9        EV: 13    Int:  9    God:
Gold:   270        SH:  0    Dex: 15    Spells: 0 memorised, 8 levels left

rFire  + . .     SeeInvis .     k - +0 giant spiked club {HARAMBE}
rCold  + . .     Gourm    .     b - +0 robe
rNeg   . . .     Faith    .     (shield currently unavailable)
rPois  .         Spirit   .     (helmet restricted)
rElec  .         Dismiss  .     i - +1 cloak
rCorr  .         Reflect  .     (gloves unavailable)
MR     .....     Harm     .     (boots unavailable)
Stlth  ++........               (no amulet)
                                r - ring of protection from fire
                                q - ring of protection from cold

@: no status effects
A: unfitting armour, tough skin 1
a: no special abilities


You were on level 8 of the Dungeon.
You were not hungry.

You visited 1 branch of the dungeon, and saw 8 of its levels.
You also visited: Bailey.

You collected 308 gold pieces.
You spent 38 gold pieces at shops.

Inventory:

Hand Weapons
 a - a +0 mace
 k - a +0 giant spiked club (weapon) {HARAMBE}
 n - a +0 flail
 o - a +1 mace of draining
   (You took it off an orc on level 2 of the Dungeon)
Missiles
 l - 7 curare-tipped needles
Armour
 b - a +0 robe (worn)
 i - a +1 cloak (worn)
Jewellery
 q - a ring of protection from cold (left hand)
 r - a ring of protection from fire (right hand)
 w - an uncursed amulet of dismissal {unknown}
Wands
 v - a wand of flame (16/48)
 G - a wand of acid (0/15)
Scrolls
 d - a scroll of remove curse {unknown}
 e - 2 scrolls of amnesia {unknown}
 f - a scroll of blinking {unknown}
 g - 3 scrolls of identify
 h - a scroll of immolation {unknown}
 j - 3 scrolls of teleportation {unknown}
 u - 2 scrolls of magic mapping {unknown}
 y - a scroll of fear {unknown}
 z - a scroll of noise {unknown}
 B - 2 scrolls of enchant armour {unknown}
 C - a scroll of random uselessness {unknown}
Potions
 m - 2 potions of magic {!q}
 t - a potion of resistance {!q}
 F - 2 potions of flight
Comestibles
 c - 5 bread rations {!e}
 p - a meat ration {!e}
 s - 7 fruits
 x - 6 beef jerkies
 D - 3 slices of pizza


   Skills:
 + Level 8.8 Fighting
 * Level 12.0 Maces & Flails
 + Level 6.1 Dodging
 - Level 1.5 Stealth


You had 8 spell levels left.
You didn't know any spells.

Dungeon Overview and Level Annotations

Branches:
Dungeon (8/15)
 Temple: D:4-7         Lair: D:8-11

Altars:
Ashenzari
Gozag
Nemelex Xobeh
Sif Muna

Shops:
D:7 **

Annotations:
D:5 Fv001's ghost, novice FoFi
D:6 Prince Ribbit


Innate Abilities, Weirdness & Mutations

You are too large for most types of armour.
You have tough skin. (AC +1)


Message History

Aim: a hell hound (heavily wounded)
The bolt of acid misses the hell hound.
Evoking this partially-identified wand wasted a few charges.
The hell hound bites you.
* * * LOW HITPOINT WARNING * * *
The hell hound barely misses you.
Unknown command.
Unknown command.
Unknown command.
Unknown command.
Unknown command.
Unknown command.
Damage: 1 (max 16) Unknown command.
Unknown command.
Evoke which item? (* to show all) (? for menu, Esc to quit)
Zapping:
G - a wand of acid {zapped: 5} (will waste charges)
Press: ? - help, Shift-Dir - straight line, f/p - hell hound
Aim: a hell hound (heavily wounded) Nothing appears to happen.
The hell hound bites you.
* * * LOW HITPOINT WARNING * * *
Unknown command.
Unknown command.
Damage: 2 (max 16) Unknown command.
Unknown command.
Unknown command.
You closely miss the hell hound.
The hell hound is heavily wounded.
The hell hound bites you!
* * * LOW HITPOINT WARNING * * *
The hell hound bites you!
* * * LOW HITPOINT WARNING * * *
You bludgeon the hell hound!!
You kill the hell hound!
Your Maces & Flails skill increases to level 12!
You hear an angry hiss.
Damage: 20 (max 20)
Things that are here:
a worker ant corpse; a giant frog corpse The iguana completely misses you.
Things that are here:
a worker ant corpse; a giant frog corpse You closely miss the iguana.
The iguana closely misses you.
Okay, then.
You see here a leather armour.
You puncture the iguana!
The iguana is heavily wounded.
The iguana misses you. The iguana bites you!
You die...

#.#..≈##.##≈.# #######
########.#..≈≈≈≈≈≈≈.#
......#####...................#
####........................###
###.............#.###)####
########....#.#.# #)#
##.#.#.#.# #.# # ######.#.#.#.#
#.# # #.......@l...# #.# #
#.......##.>.# #.# #
#.......##...###.## #
#.......##....##..# #
#.......##..#.###.##### #
#.......##..#.# #.)...# #
#.......##..#[# #####.###
######.....##.# ###....
#........###........


You could see an iguana.

Vanquished Creatures
  A hungry ghost (D:7)
  Menkaure (D:4)
  The ghost of KuKumber the Sneak, an amateur KoEn (D:3)
  2 hell hounds (D:8)
  2 ice beasts (D:5)
  An ogre (D:7)
  2 centaurs (D:7)
  4 giant frogs
  A scorpion (D:4)
  3 howler monkeys
  2 crimson imps
  A giant frog zombie (D:8)
  5 orc priests
  A centaur skeleton (D:8)
  4 orc wizards
  3 iguanas
  10 worker ants
  A worker ant zombie (D:5)
  Robin (D:3)
  10 adders
  A gnoll (D:4)
  An adder skeleton (D:4)
  5 worms
  2 dart slugs (D:1)
  2 giant geckos
  20 orcs
  6 bats
  8 giant cockroaches
  16 goblins
  19 hobgoblins
  8 jackals
  2 quokkas
  A ball python (D:2)
  6 giant newts
  11 kobolds
  A quokka skeleton (D:5)
  4 rats
169 creatures vanquished.

Notes
Turn   | Place    | Note
-------+----------+-------------------------------------------
     0 | D:1      | Arkorax the Ogre Monk began the quest for the Orb.
     0 | D:1      | Reached XP level 1. HP: 24/24 MP: 1/1
   156 | D:1      | Reached XP level 2. HP: 30/32 MP: 2/2
   653 | D:1      | Reached XP level 3. HP: 27/40 MP: 3/3
   760 | D:1      | Reached skill level 3 in Dodging
   968 | D:1      | Reached skill level 5 in Maces & Flails
  1448 | D:2      | Reached XP level 4. HP: 39/49 MP: 4/4
  2209 | D:3      | Noticed KuKumber's ghost (amateur KoEn)
  2232 | D:3      | Killed KuKumber's ghost
  2232 | D:3      | Reached skill level 5 in Fighting
  2232 | D:3      | Reached skill level 6 in Maces & Flails
  2232 | D:3      | Reached XP level 5. HP: 32/57 MP: 5/5
  2593 | D:2      | HP: 12/57 [orc priest/hand axe (9)]
  2595 | D:2      | Reached skill level 7 in Maces & Flails
  2595 | D:2      | Reached XP level 6. HP: 15/66 MP: 6/6
  3213 | D:3      | Noticed Robin
  3368 | D:3      | Killed Robin
  3554 | D:3      | Found an opulent altar of Gozag.
  3691 | D:4      | Reached skill level 6 in Fighting
  3691 | D:4      | Reached skill level 4 in Dodging
  3693 | D:4      | Reached XP level 7. HP: 75/75 MP: 7/7
  3780 | D:4      | Found a sand-covered staircase.
  3835 | D:4      | Reached skill level 8 in Maces & Flails
  4006 | D:4      | Noticed Menkaure
  4014 | D:4      | HP: 22/76 [Menkaure (17)]
  4015 | D:4      | Killed Menkaure
  4580 | D:5      | Entered Level 5 of the Dungeon
  4644 | D:5      | Reached skill level 9 in Maces & Flails
  4644 | D:5      | Reached XP level 8. HP: 78/84 MP: 8/8
  4669 | D:5      | Reached skill level 7 in Fighting
  4689 | D:5      | HP: 26/87 [orc priest/divine providence (13)]
  5417 | D:5      | Found a deep blue altar of Sif Muna.
  5457 | D:5      | Reached skill level 5 in Dodging
  5487 | D:5      | Reached skill level 10 in Maces & Flails
  5833 | D:5      | Noticed Fv001's ghost (novice FoFi)
  5835 | D:5      | Found a sparkling altar of Nemelex Xobeh.
  5894 | D:6      | Noticed Prince Ribbit
  5913 | D:6      | HP: 25/87 [Prince Ribbit (5)]
  6353 | D:7      | Found Uxypeit's General Store.
  6395 | D:7      | Found a shattered altar of Ashenzari.
  6476 | D:7      | Reached skill level 8 in Fighting
  6502 | D:7      | Found Cixzirorr's Assorted Antiques.
  6511 | D:7      | Bought a giant spiked club for 38 gold pieces
  6557 | D:7      | Reached skill level 11 in Maces & Flails
  6578 | D:7      | Reached XP level 9. HP: 96/96 MP: 9/9
  6927 | D:8      | Found a flagged portal.
  6991 | Bailey   | Entered a bailey
  6991 | Bailey   | Noticed spawnfightdierepeat's ghost (novice FoFi)
  7065 | D:8      | Reached skill level 6 in Dodging
  7141 | D:8      | HP: 25/97 [hell hound (8)]
  7145 | D:8      | HP: 11/97 [hell hound (11)]
  7145 | D:8      | HP: 1/97 [hell hound (10)]
  7146 | D:8      | Reached skill level 12 in Maces & Flails
  7164 | D:8      | Slain by an iguana

Vault maps used:
D:1:      nagdon_arrival_zigzag_paths, serial_glass, glass_columns_b,
          glass_columns_a, nrook_uturn
D:2:      first_bread, serial_glass, glass_columns_a, glass_columns_a,
          feat_on_display, due_unseen_surprise, minmay_strange_pillars,
          grunt_ministairs_7
D:3:      grunt_gozag_statues, uniq_robin
D:4:      wad_river_or_something, nicolae_ossuary_entry_plus,
          kennysheep_generic_room_16, uniq_menkaure
D:5:      kennysheep_mini, basic_altar
D:6:      serial_bayou_pond_e, grunt_ministairs_12, st_stairs_3,
          grunt_dithmenos_smoke, uniq_prince_ribbit1
D:7:      serial_shops, shop, shop, grunt_ogre_cave,
          nicolae_ashenzari_panopticon
D:8:      gammafunk_temple_overflow_statue, minmay_lair_entry_lava,
          enter_bailey_3
Bailey:   bailey_axe_4, bailey

Skill      XL: |  1  2  3  4  5  6  7  8  9 |
---------------+----------------------------+-----
Dodging        | 3 4 5 6 |  6.1
Maces & Flails | 5 6 7 9 11 12 | 12.0
Fighting       | 5 6 8 |  8.8
Stealth        | |  1.5

Action                   |  1- 3 |  4- 6 |  7- 9 || total
-------------------------+-------+-------+-------++-------
Melee: Mace              |   124 |   149 |   211 ||   484
       Flail             |       |    59 |       ||    59
       Giant spiked club |       |       |    46 ||    46
Throw: Throwing net      |       |       |     1 ||     1
Evoke: Wand              |       |       |     2 ||     2
  Use: Potion            |       |     1 |     9 ||    10
       Scroll            |       |     4 |       ||     4
 Stab: Sleeping          |     3 |     2 |     4 ||     9
       Distracted        |     1 |       |     1 ||     2
       Invisible         |       |     1 |       ||     1
  Eat: Chunk             |     1 |     4 |     4 ||     9
       Bread ration      |       |     1 |     1 ||     2
       Meat ration       |       |       |     1 ||     1
Armor: Robe              |    38 |    31 |    50 ||   119
Dodge: Dodged            |    76 |   122 |   138 ||   336

Table legend:
 A = Turns spent in this place as a percentage of turns spent in the entire game.
 B = Non-inter-level travel turns spent in this place as a percentage of non-inter-level travel turns spent in the entire game.
 C = Inter-level travel turns spent in this place as a percentage of turns spent in this place.
 D = Turns resting spent in this place as a percentage of non-inter-level travel turns spent in this place.
 E = Turns spent auto-exploring this place as a percentage of non-inter-level travel turns spent in this place.
 F = Non-inter-level travel turns spent in this place divided by the number of levels of this place that you've seen.
                   A       B       C       D       E      F
               +-------+-------+-------+-------+-------+----------------------
         Total | 100.0 | 100.0 |   0.3 |   3.2 |  10.9 | 287.1
       Dungeon |  99.5 |  99.5 |   0.3 |   3.2 |  11.0 | 321.4
        Bailey |   0.5 |   0.5 |   0.0 |   0.0 |   0.0 |  13.0
               +-------+-------+-------+-------+-------+----------------------

Vault maps used:
D:1:      nagdon_arrival_zigzag_paths, serial_glass, glass_columns_b,
          glass_columns_a, nrook_uturn
D:2:      first_bread, serial_glass, glass_columns_a, glass_columns_a,
          feat_on_display, due_unseen_surprise, minmay_strange_pillars,
          grunt_ministairs_7
D:3:      grunt_gozag_statues, uniq_robin
D:4:      wad_river_or_something, nicolae_ossuary_entry_plus,
          kennysheep_generic_room_16, uniq_menkaure
D:5:      kennysheep_mini, basic_altar
D:6:      serial_bayou_pond_e, grunt_ministairs_12, st_stairs_3,
          grunt_dithmenos_smoke, uniq_prince_ribbit1
D:7:      serial_shops, shop, shop, grunt_ogre_cave,
          nicolae_ashenzari_panopticon
D:8:      gammafunk_temple_overflow_statue, minmay_lair_entry_lava,
          enter_bailey_3
Bailey:   bailey_axe_4, bailey
